 Dungeon Crawl Stone Soup version 0.24.0-13-gcf9b3192b9 (webtiles) character file.

Game seed: 5997335359180213449, levelgen mode: deterministic

122426 sentinel the Fencer (level 16, -3/125 HPs)
             Began as a Barachi Gladiator on Nov 7, 2019.
             Was the Champion of Cheibriados.
             Slain by an Ice Fiend (11 damage)
             ... in an ice cave on Nov 8, 2019.
             The game lasted 02:50:19 (14584 turns).

sentinel the Fencer (Barachi Gladiator)            Turns: 14584, Time: 02:50:20

Health: -3/125     AC: 21    Str: 29    XL:     16   Next: 87%
Magic:  19/29      EV: 28    Int: 30    God:    Cheibriados [******]
Gold:   339        SH:  0    Dex: 30    Spells: 1/33 levels left

rFire    . . .     SeeInvis .   C - +4 great sword (flame)
rCold    + + .     Gourm    .   (shield currently unavailable)
rNeg     . . .     Faith    .   v - +3 leather armour {MR+}
rPois    .         Spirit   .   c - +2 helmet
rElec    .         Reflect  .   D - +2 cloak
rCorr    .         Harm     .   Q - +0 pair of gloves of the Endless Expanse {rC++ Regen+ Str-5 Int+4}
MR       ++...                  r - +2 pair of boots
Stlth    ++........             b - amulet of magic regeneration
HPRegen  1.70/turn              R - +4 ring of protection
MPRegen  0.46/turn              l - +6 ring of evasion

@: regenerating (expiring), studying Conjurations, very slow
A: +LOS, swims, talons 1, screaming 1, slowness 1, strong legs 2
a: Hop, Bend Time, Temporal Distortion, Slouch, Step From Time, Renounce
Religion


You were in an ice cave.
You worshipped Cheibriados.
Cheibriados was exalted by your worship.
You were not hungry.

You visited 4 branches of the dungeon, and saw 27 of its levels.
You also visited: Ice Cave.

You collected 2767 gold pieces.
You spent 2428 gold pieces at shops.

Inventory:

Hand Weapons
 x - a +2 rapier of distortion
 C - a +4 great sword of flaming (weapon)
Missiles
 d - 7 throwing nets (quivered)
Armour
 a - a +2 chain mail of fire resistance
 c - a +2 helmet (worn)
 r - a +2 pair of boots (worn)
 u - the +8 plate armour of Yfraohis {rN+, unknown}
   (You acquired it on level 2 of the Spider Nest)

   It protects you from negative energy.
 v - a +3 leather armour of magic resistance (worn)
 D - a +2 cloak (worn)
 E - +0 acid dragon scales
 N - a +0 ring mail of cold resistance
 Q - the +0 pair of gloves of the Endless Expanse (worn) {rC++ Regen+ Str-5 Int+4}
   (You found it on level 13 of the Dungeon)

   It affects your strength (-5).
   It affects your intelligence (+4).
   It greatly protects you from cold.
   It increases your rate of regeneration.
Jewellery
 b - an amulet of magic regeneration (around neck)
 e - an uncursed ring of wizardry
 k - an uncursed ring of see invisible
 l - a +6 ring of evasion (right hand)
 F - an uncursed ring of protection from magic
 R - a +4 ring of protection (left hand)
 T - an uncursed ring of ice
Wands
 s - a wand of acid (3)
 y - a wand of iceblast (9)
 K - a wand of disintegration (5)
 O - a wand of digging (3)
 X - a wand of paralysis (14)
 Z - a wand of flame (14)
Scrolls
 g - 6 scrolls of teleportation
 h - 5 scrolls of fog
 n - a scroll of holy word
 o - 5 scrolls of fear
 q - 3 scrolls of amnesia
 t - 4 scrolls of blinking
 w - 6 scrolls of remove curse
 H - 4 scrolls of vulnerability
 I - a scroll of torment
 M - 2 scrolls of summoning
 S - a scroll of brand weapon
 Y - 2 scrolls of magic mapping
Potions
 i - 5 potions of curing
 j - 5 potions of lignification
 m - 3 potions of agility
 z - a potion of ambrosia
 A - a potion of cancellation {unknown}
 B - 2 potions of flight {unknown}
 G - 2 potions of mutation
 J - 4 potions of invisibility
 L - a potion of might
 U - 3 potions of brilliance
 V - 2 potions of magic
 W - 3 potions of heal wounds
Books
 p - a manual of Conjurations
Miscellaneous
 P - a box of beasts
Comestibles
 f - 38 rations


   Skills:
 - Level 11.0 Fighting
 + Level 16.6 Long Blades
   Level 4.2 Maces & Flails
 - Level 2.2 Throwing
 - Level 5.1 Armour
 - Level 9.3 Dodging
 + Level 9.1 Spellcasting
 - Level 10.0 Conjurations
 - Level 3.0 Charms
 - Level 4.7 Necromancy
 - Level 6.3 Translocations
 - Level 9.0 Transmutations
   Level 3.2 Air Magic
 - Level 11.0 Earth Magic
 - Level 6.8 Poison Magic
 - Level 7.0 Invocations
 - Level 5.8 Evocations


You had one spell level left.
You knew the following spells:

 Your Spells              Type           Power        Failure   Level  Hunger
a - Animate Skeleton      Necr           N/A          1%          1    None
b - Apportation           Tloc           ######       1%          1    None
c - Irradiate             Conj/Tmut      ######....   2%          5    ####...
d - Blink                 Tloc           N/A          1%          2    None
e - Iron Shot             Conj/Erth      ######....   9%          6    #####..
f - Olgreb's Toxic Radia  Pois           ######..     2%          4    None
g - Statue Form           Tmut/Erth      ######...    11%         6    #####..
h - Regeneration          Chrm/Necr      #####.....   2%          3    None
p - Passage of Golubria   Tloc           N/A          3%          4    None

Your spell library contained the following spells:

 Spells                   Type           Power        Failure   Level  Hunger
 Magic Dart               Conj           ####         1%          1    None
 Pain                     Necr           ####         1%          1    None
 Sting                    Conj/Pois      ####         1%          1    None
 Confusing Touch          Hex            ##....       4%          1    None
 Summon Small Mammal      Summ           ##..         4%          1    None
 Passwall                 Tmut/Erth      ######..     1%          2    None
 Poisonous Vapours        Pois/Air       #####.       1%          2    None
 Swiftness                Chrm/Air       ####....     1%          2    None
 Conjure Flame            Conj/Fire      #####...     1%          3    None
 Mephitic Cloud           Conj/Pois/Air  ######..     1%          3    None
 Vampiric Draining        Necr           #####.....   1%          3    None
 Lee's Rapid Deconstruct  Erth           ######....   1%          5    ####...
 Venom Bolt               Conj/Pois      ######....   3%          5    ####...
 Call Imp                 Summ           ##......     6%          2    None
 Slow                     Hex            ##......     6%          2    None
 Animate Dead             Necr           N/A          6%          4    None
 Bolt of Magma            Conj/Fire/Erth ######....   7%          5    ####...
 Iskenderun's Battlesphe  Conj/Chrm      ######..     9%          5    ####...
 Hydra Form               Tmut           ######....   16%         6    #####..
 Orb of Destruction       Conj           ######....   52%         7    #######
 Dragon Form              Tmut           ######....   65%         7    #######
 Spellforged Servitor     Conj/Summ      #####.....   99%         7    #######
 Darkness                 Hex            ##........   100%        6    #####..
 Invisibility             Hex            ##......     100%        6    #####..


Dungeon Overview and Level Annotations

Branches:
Dungeon (15/15)            Temple (0/1) D:7            Lair (6/6) D:10
 Shoals (0/4) Lair:3       Spider (4/4) Lair:2        Slime (0/5) Lair:6
    Orc (2/2) D:12            Elf (0/3) Orc:2        Vaults (0/5) D:13
 Depths (0/5) D:15          IceCv (1/1)

Altars:
Ashenzari
Cheibriados
Dithmenos
Kikubaaqudgha
Makhleb
Okawaru
Ru
Sif Muna
Uskayaw
Vehumet
Wu Jian
Xom
The Shining One
Beogh
Jiyva

Shops:
D:7 :   D:12 !   D:14 %   Orc:2 :([=

Annotations:
D:12 1 runed translucent door
D:14 2 runed translucent doors
Lair:1 exclusion: oklob plant
Lair:6 exclusion: ice statue, Kirke
Spider:3 1 transporter, mopl's ghost, journeyman DgEn
Abyss:1 Pikel


Innate Abilities, Weirdness & Mutations

Shadows flee at your approach. (+LOS)
You can swim through water.
You cover ground slowly.
You can hop long distances.
You have sharp toenails.
You occasionally shout uncontrollably at your foes.


Message History

Okay, then.
You can feel time thicken for a moment.
The wolf simulacrum vapourises!
Cheibriados thoroughly appreciates the change of pace.
You feel somewhat more hungry.
Your skin is crawling a little less now.
Here: an Ice Fiend (freezing vapour, moderately wounded)
The floor.
You can feel time thicken for a moment.
You feel somewhat more hungry. The Ice Fiend claws you!
The Ice Fiend freezes you! You resist.
* * * LOW HITPOINT WARNING * * *
The Ice Fiend completely misses you.
You slice the Ice Fiend!! You burn the Ice Fiend! The Ice Fiend claws you!
* * * LOW HITPOINT WARNING * * *
The Ice Fiend freezes you! You resist.
* * * LOW HITPOINT WARNING * * *
The Ice Fiend claws you!
* * * LOW HITPOINT WARNING * * *
The Ice Fiend freezes you! You resist.
You die...

##########
#######...##14.#
#..#...##..@##..Z# #####
#..##########Z.Z.#
#≈≈.#####..##≈≈≈≈≈≈##Z41..
≈≈#≈..##..##≈≈≈≈≈≈≈≈# Z...
≈≈≈##...###≈≈≈≈≈≈≈### .##
#≈≈≈#####≈≈≈≈≈≈#### #
≈≈≈#≈≈#≈≈≈######
≈≈≈≈≈≈≈≈≈## #≈≈≈≈≈≈≈≈#


You could see an Ice Fiend and an ice devil.

Vanquished Creatures
  A fire giant (D:15)
  2 orc warlords (Orc:2)
  2 entropy weavers
  A very ugly thing (Spider:4)
  An ettin (Orc:2)
  Snorg (Lair:6)
  Fannar (Lair:3)
  The ghost of Gautaugau the Fighter, a journeyman MiGl of Okawaru (D:10)
  4 vault guards (D:13)
  A rakshasa (D:13)
  4 hydras
  3 centaur warriors
  Erica (D:10)
  A catoblepas (Lair:3)
  2 tengu warriors
  Urug (D:10)
  3 two-headed ogres
  An orc high priest (Orc:1)
  7 death yaks
  Sonja (D:11)
  A fire crab (Lair:5)
  3 skeletal warriors (D:13)
  An unseen horror (D:14)
  3 orc knights
  10 wolf spiders
  3 deep elf magi
  2 orc sorcerers (Orc:2)
  A moth of wrath (Spider:4)
  3 manticores (D:14)
  8 orb spiders
  15 ugly things
  5 cyclopes
  6 slime creatures (D:13)
  12 elephants
  A merfolk siren (Lair:3)
  7 spiny frogs
  3 gargoyles
  An anaconda simulacrum (IceCv)
  3 rime drakes
  4 freezing wraiths
  4 demonic crawlers
  5 ice devils (IceCv)
  6 polar bears
  7 komodo dragons
  A merfolk (D:9)
  A golden dragon simulacrum (IceCv)
  8 trolls
  A tengu conjurer (D:15)
  A queen bee (D:12)
  2 wolf spider simulacra
  3 meliai (D:12)
  A polar bear (shapeshifter) (D:13)
  A hornet (shapeshifter) (D:15)
  19 jumping spiders
  2 hornets (D:13)
  11 dream sheep
  2 blink frogs (Lair:4)
  7 hippogriffs
  5 centaur simulacra
  48 redbacks
  8 tarantellas
  27 yaks
  A fire elemental (Lair:1)
  3 hogs (Lair:6)
  A water elemental (D:15)
  A shadow (D:13)
  7 wyverns
  4 fire bats (Lair:1)
  3 wraiths (D:13)
  3 dire elephant simulacra (IceCv)
  Grum (D:11)
  A redback simulacrum (D:15)
  A steam dragon (Lair:2)
  3 hungry ghosts
  7 vampire mosquitoes
  3 death yak simulacra (IceCv)
  5 wargs
  2 harpy simulacra (IceCv)
  An acid dragon (D:13)
  3 iron troll simulacra (IceCv)
  A soldier ant (D:12)
  2 hydra simulacra (IceCv)
  8 water moccasins
  8 porcupines
  8 sky beasts
  2 slaves (D:6)
  An ettin simulacrum (IceCv)
  2 eyes of draining (D:14)
  9 ice beasts
  A black bear (Lair:3)
  A meliai simulacrum (D:15)
  43 orc warriors
  3 necrophages (D:8)
  3 phantoms
  15 ogres
  15 wolves
  An alligator simulacrum (IceCv)
  11 centaurs
  9 crocodiles
  20 bullfrogs
  A big kobold (D:9)
  A gnoll sergeant (D:7)
  4 wyvern zombies
  A hornet simulacrum (D:13)
  3 scorpions
  57 killer bees
  6 wights (D:8)
  An electric eel (Lair:1)
  8 centaur zombies
  7 crimson imps
  8 hounds
  A quasit (D:12)
  4 bullfrog zombies
  4 jellies
  4 bullfrog skeletons
  A draconian simulacrum (IceCv)
  21 orc priests
  7 centaur skeletons
  6 iguanas
  18 orc wizards
  2 troll simulacra (IceCv)
  9 worker ants
  A spriggan simulacrum (IceCv)
  A wolf simulacrum (IceCv)
  2 hound zombies
  3 hound skeletons
  2 mummies
  7 gnolls
  9 adders
  2 naga simulacra (IceCv)
  2 ogre simulacra (IceCv)
  A river rat (Lair:2)
  6 shadow imps
  10 white imps
  9 ufetubi
  An ooze (D:2)
  An adder zombie (D:8)
  4 worms
  A dart slug (D:2)
  3 leopard geckos
  115 orcs
  2 giant cockroaches
  7 goblins
  2 hobgoblins (D:3)
  11 jackals
  3 quokkas
  2 ball pythons (D:1)
  3 frilled lizards
  A jackal skeleton (D:4)
  13 kobolds
  A leopard gecko zombie (D:5)
  6 rats
919 creatures vanquished.

Vanquished Creatures (collateral kills)
  A two-headed ogre (D:9)
  A spiny frog (Lair:6)
  A blink frog (Lair:4)
  A centaur simulacrum (D:15)
  2 yaks (Lair:2)
  2 hogs (Lair:6)
  A golden eye (Lair:2)
  A warg (Orc:2)
  A phantom (D:10)
  A bullfrog (D:9)
  A scorpion (D:10)
  2 killer bees (D:9)
  A jelly (D:12)
  An orc priest (Orc:2)
  2 orc wizards (Orc:2)
  An ufetubus (D:15)
  5 orcs (Orc:2)
  A plant (Lair:5)
26 creatures vanquished.

Vanquished Creatures (others)
  A centaur warrior (D:15)
  A wolf spider zombie (D:15)
  A slave (D:6)
  2 ogres (D:6)
  A crimson imp (D:6)
  A gnoll (D:5)
  A shadow imp (D:5)
  A quokka (D:6)
  6 fungi
  15 plants
  2 withered plants (D:10)
32 creatures vanquished.

Grand Total: 977 creatures vanquished

Notes
Turn   | Place    | Note
-------+----------+-------------------------------------------
     0 | D:1      | sentinel the Barachi Gladiator began the quest for the Orb.
     0 | D:1      | Reached XP level 1. HP: 17/17 MP: 1/1
   297 | D:1      | Reached XP level 2. HP: 20/23 MP: 2/2
   652 | D:1      | Reached skill level 1 in Maces & Flails
   879 | D:2      | Reached XP level 3. HP: 7/28 MP: 3/3
  1417 | D:3      | Reached XP level 4. HP: 30/34 MP: 4/4
  1825 | D:4      | Reached XP level 5. HP: 36/39 MP: 5/5
  1832 | D:4      | Reached skill level 1 in Armour
  2079 | D:4      | Noticed an ogre
  2085 | D:4      | Killed an ogre
  2085 | D:4      | Reached XP level 6. HP: 49/49 MP: 6/6
  2272 | D:4      | Reached skill level 5 in Fighting
  2333 | D:4      | Found a hide-covered altar of Uskayaw.
  2333 | D:4      | Found an ancient bone altar of Kikubaaqudgha.
  2338 | D:4      | Found a shimmering altar of Xom.
  2340 | D:4      | Found a shimmering blue altar of Sif Muna.
  2342 | D:4      | Found a faded altar of an unknown god.
  2371 | D:4      | Became a worshipper of Ru the Awakened
  2753 | D:5      | Entered Level 5 of the Dungeon
  2815 | D:5      | Reached XP level 7. HP: 56/56 MP: 7/7
  3056 | D:5      | Found a shattered altar of Ashenzari.
  3060 | D:5      | Found an ornate altar of the Wu Jian Council.
  3202 | D:5      | Reached skill level 5 in Armour
  3219 | D:5      | Reached skill level 4 in Long Blades
  3293 | D:5      | Reached skill level 5 in Long Blades
  3469 | D:5      | Reached skill level 6 in Long Blades
  3469 | D:5      | Reached XP level 8. HP: 27/64 MP: 8/8
  3610 | D:6      | Reached skill level 7 in Long Blades
  3738 | D:6      | Reached skill level 8 in Long Blades
  3819 | D:6      | Noticed Pikel
  4002 | D:6      | Banished Pikel
  4002 | D:6      | Reached skill level 9 in Long Blades
  4114 | D:6      | Reached skill level 10 in Long Blades
  4114 | D:6      | Reached XP level 9. HP: 66/69 MP: 9/9
  4133 | D:6      | Found a shadowy altar of Dithmenos.
  4274 | D:7      | Got a warped robe
  4297 | D:7      | Found a snail-covered altar of Cheibriados.
  4303 | D:7      | Fell from the grace of Ru
  4303 | D:7      | Became a worshipper of Cheibriados the Contemplative
  4485 | D:7      | Found Enyn's Book Shop.
  4494 | D:7      | Bought a book of Cantrips for 200 gold pieces
  4496 | D:7      | Learned a level 1 spell: Animate Skeleton
  4498 | D:7      | Learned a level 1 spell: Apportation
  4500 | D:7      | Learned a level 1 spell: Confusing Touch
  4521 | D:7      | Found a glowing golden altar of the Shining One.
  4521 | D:7      | Found a radiant altar of Vehumet.
  4614 | D:8      | Reached skill level 1 in Translocations
  4629 | D:8      | Reached skill level 1 in Necromancy
  4629 | D:8      | Reached skill level 1 in Invocations
  4698 | D:8      | Reached * piety under Cheibriados
  5003 | D:7      | Found a staircase to the Ecumenical Temple.
  5053 | D:7      | Reached ** piety under Cheibriados
  5145 | D:7      | Bought a book of Minor Magic for 200 gold pieces
  5148 | D:7      | Learned a level 2 spell: Blink
  5152 | D:7      | Learned a level 3 spell: Mephitic Cloud
  5338 | D:9      | Reached XP level 10. HP: 72/76 MP: 3/13
  5341 | D:9      | Reached skill level 5 in Invocations
  5346 | D:9      | Reached skill level 1 in Evocations
  5440 | D:10     | Entered Level 10 of the Dungeon
  5461 | D:10     | Noticed a two-headed ogre
  5462 | D:10     | Noticed a death yak
  5465 | D:10     | Reached *** piety under Cheibriados
  5469 | D:10     | Killed a two-headed ogre
  5469 | D:10     | Reached skill level 5 in Evocations
  5476 | D:10     | Killed a death yak
  5478 | D:10     | Noticed a death yak
  5478 | D:10     | Noticed Erica
  5480 | D:10     | Noticed a death yak
  5623 | D:10     | Noticed Urug
  5838 | D:10     | Found a runed translucent door.
  5838 | D:10     | Noticed Gautaugau's ghost (journeyman MiGl)
  5845 | D:10     | Noticed a two-headed ogre
  5921 | D:9      | Killed a two-headed ogre
  5921 | D:9      | Reached XP level 11. HP: 35/81 MP: 15/15
  5981 | D:10     | Found a staircase to the Lair.
  6008 | Lair:1   | Entered Level 1 of the Lair of Beasts
  6017 | Lair:1   | Killed a death yak
  6017 | Lair:1   | Reached skill level 5 in Conjurations
  6017 | Lair:1   | Reached skill level 5 in Poison Magic
  6025 | D:10     | Killed Erica
  6031 | D:10     | Killed a death yak
  6133 | Lair:1   | Reached skill level 11 in Long Blades
  6203 | Lair:1   | Reached **** piety under Cheibriados
  6333 | Lair:1   | Noticed a six-headed hydra
  6342 | Lair:1   | Killed a three-headed hydra
  6342 | Lair:1   | Reached skill level 12 in Long Blades
  6593 | Lair:2   | Reached skill level 13 in Long Blades
  6652 | Lair:2   | Reached ***** piety under Cheibriados
  6735 | Lair:2   | Reached XP level 12. HP: 81/88 MP: 16/16
  6765 | Lair:2   | Reached skill level 14 in Long Blades
  6993 | Lair:2   | Reached skill level 5 in Dodging
  7011 | Lair:2   | Found a hole to the Spider Nest.
  7239 | Lair:2   | Reached ****** piety under Cheibriados
  7301 | Lair:3   | Noticed a six-headed hydra
  7308 | Lair:3   | Killed a three-headed hydra
  7337 | Lair:3   | Noticed a catoblepas
  7351 | Lair:3   | Killed a catoblepas
  7550 | Lair:5   | Gained mutation: You can hop long distances. [Barachi
                  | growth]
  7550 | Lair:5   | Reached XP level 13. HP: 88/99 MP: 18/18
  7721 | Lair:3   | Noticed Fannar
  7728 | Lair:3   | Killed Fannar
  7851 | Lair:4   | Reached skill level 5 in Translocations
  8151 | Lair:5   | Reached skill level 15 in Long Blades
  8152 | Lair:5   | Reached skill level 10 in Fighting
  8207 | Lair:6   | Entered Level 6 of the Lair of Beasts
  8345 | Lair:6   | Found a viscous altar of Jiyva.
  8345 | Lair:6   | Found a staircase to the Slime Pits.
  8460 | Lair:6   | Noticed Snorg
  8469 | Lair:6   | Killed Snorg
  8523 | Lair:6   | Reached skill level 1 in Spellcasting
  8569 | Lair:6   | Noticed Kirke
  8909 | Lair:5   | Got a twisted morningstar
  8992 | Lair:4   | Reached XP level 14. HP: 64/111 MP: 19/19
  9053 | Lair:3   | Found a staircase to the Shoals.
  9073 | Lair:3   | Identified the +2 robe of the Fiddle {rC+ rCorr} (You found
                  | it on level 7 of the Dungeon)
  9141 | Lair:1   | Found a shattered altar of Ashenzari.
  9288 | D:10     | Killed Urug
  9363 | D:7      | Bought a Young Poisoner's Handbook for 400 gold pieces
  9368 | D:7      | Learned a level 4 spell: Olgreb's Toxic Radiance
  9590 | D:10     | Killed Gautaugau's ghost
  9730 | D:11     | Noticed Sonja
  9742 | D:11     | Killed Sonja
  9774 | D:11     | Noticed Grum
  9782 | D:11     | Killed Grum
  9859 | D:11     | Learned a level 6 spell: Statue Form
 10224 | D:12     | Reached skill level 1 in Earth Magic
 10243 | D:12     | Reached skill level 1 in Transmutations
 10250 | D:12     | Found a runed translucent door.
 10347 | D:12     | Found a staircase to the Orcish Mines.
 10350 | D:12     | Found Pozeoh's Distillery.
 10521 | D:12     | Noticed a vampire knight
 10692 | D:15     | Entered Level 15 of the Dungeon
 10704 | D:15     | Reached skill level 5 in Earth Magic
 10765 | D:14     | Reached skill level 5 in Transmutations
 10781 | D:14     | Found Xeebb's Food Shoppe.
 10980 | D:15     | Noticed a fire giant
 11128 | D:14     | Found a runed translucent door.
 11129 | D:14     | Found the +2 shield of Resistance {rF+ rC+ MR+}
 11135 | D:14     | Found a runed translucent door.
 11177 | D:14     | Found an iron altar of Okawaru.
 11216 | D:15     | Reached XP level 15. HP: 86/118 MP: 20/20
 11338 | D:15     | Found a staircase to the Depths.
 11357 | D:15     | Killed a fire giant
 11592 | D:13     | Found a gate to the Vaults.
 11693 | D:13     | Gained mutation: You are frail. (-10% HP) [mutagenic glow]
 11712 | D:12     | Gained mutation: Your body sometimes deteriorates upon
                  | taking damage. [mutagenic glow]
 11723 | D:12     | Gained mutation: Your body often deteriorates upon taking
                  | damage. [mutagenic glow]
 11737 | D:12     | Lost mutation: Your body often deteriorates upon taking
                  | damage. [potion of mutation]
 11737 | D:12     | Lost mutation: You are frail. (-10% HP) [potion of
                  | mutation]
 11737 | D:12     | Lost mutation: Your body sometimes deteriorates upon taking
                  | damage. [potion of mutation]
 11737 | D:12     | Gained mutation: You occasionally shout uncontrollably at
                  | your foes. [potion of mutation]
 11737 | D:12     | Gained mutation: You have sharp toenails. [potion of
                  | mutation]
 11851 | D:13     | Paralysed by a hornet for 1 turns
 11889 | D:13     | Got a jewelled plate armour
 11902 | D:13     | Identified the cursed +0 plate armour of the Demon Prince
                  | {rCorr Slay+2} (You found it on level 13 of the Dungeon)
 11992 | D:13     | Got a pair of faintly glowing gloves
 12007 | D:13     | Identified the cursed +0 pair of gloves of the Endless
                  | Expanse {rC++ Regen+ Str-5 Int+4} (You found it on level 13
                  | of the Dungeon)
 12363 | Orc:1    | Entered Level 1 of the Orcish Mines
 12363 | Orc:1    | Found a burning altar of Makhleb.
 12372 | Orc:1    | Reached skill level 10 in Earth Magic
 12523 | Orc:2    | Entered Level 2 of the Orcish Mines
 12540 | Orc:2    | Found a roughly hewn altar of Beogh.
 12553 | Orc:2    | Found Vyhy's Book Boutique.
 12559 | Orc:2    | Bought a book of Necromancy for 510 gold pieces
 12727 | Orc:2    | Found a staircase to the Elven Halls.
 12837 | Orc:2    | Noticed an orc warlord
 12852 | Orc:2    | Killed an orc warlord
 12866 | Orc:2    | Learned a level 3 spell: Regeneration
 12915 | Orc:2    | Found Kaot's Antique Weapon Shop.
 12916 | Orc:2    | Found a roughly hewn altar of Beogh.
 12918 | Orc:2    | Found Hufioczy's Antique Armour Boutique.
 12960 | Orc:2    | Found a roughly hewn altar of Beogh.
 12960 | Orc:2    | Found Sotaatz's Jewellery Emporium.
 12972 | Orc:2    | Reached skill level 5 in Spellcasting
 13064 | Orc:2    | Found a roughly hewn altar of Beogh.
 13074 | Orc:2    | Noticed an orc warlord
 13080 | Orc:2    | Killed an orc warlord
 13080 | Orc:2    | Reached XP level 16. HP: 125/125 MP: 12/23
 13105 | Orc:2    | Found a roughly hewn altar of Beogh.
 13388 | D:12     | Bought a potion of magic for 128 gold pieces
 13388 | D:12     | Bought a potion of ambrosia for 128 gold pieces
 13390 | D:12     | Bought a potion of agility for 64 gold pieces
 13390 | D:12     | Bought a potion of curing for 48 gold pieces
 13600 | D:7      | Bought a book of Burglary for 750 gold pieces
 13605 | D:7      | Learned a level 4 spell: Passage of Golubria
 13700 | Lair:1   | You fall into a shaft and drop 1 floor!
 13752 | Spider:1 | Entered Level 1 of the Spider Nest
 13932 | Spider:2 | Reached skill level 10 in Conjurations
 13963 | Spider:1 | Reached skill level 1 in Charms
 14012 | Spider:2 | You fall into a shaft and drop 1 floor!
 14041 | Spider:3 | Noticed mopl's ghost (journeyman DgEn)
 14057 | Spider:2 | Identified a scroll of acquirement
 14059 | Spider:2 | Got a crude plate armour
 14196 | Spider:3 | Reached skill level 16 in Long Blades
 14204 | Spider:3 | Found a transporter.
 14215 | Spider:4 | Entered Level 4 of the Spider Nest
 14272 | Spider:4 | Found a frozen archway.
 14277 | IceCv    | Entered an ice cave
 14478 | IceCv    | Learned a level 5 spell: Irradiate
 14486 | IceCv    | Learned a level 6 spell: Iron Shot
 14560 | IceCv    | Noticed an Ice Fiend
 14584 | IceCv    | Slain by an Ice Fiend

Levels and vault maps discovered:
D:1:      psy_arrival_spokes, layout_basic, serial_curves, eino_curves_04,
          eino_curves_04
D:2:      layout_basic, kennysheep_big_empty_room
D:3:      layout_basic, first_ration
D:4:      layout_basic, chequers_temple_overflow_minitemple,
          minmay_fractal_squares_diagonal_5, uniq_crazy_yiuf_cottage
D:5:      layout_loops_ring, grunt_temple_overflow_open,
          minmay_chambers_of_fives
D:6:      layout_cave_pools, grunt_dithmenos_shadows, uniq_pikel
D:7:      layout_rooms, slow_altar_1, gammafunk_temple_overflow_wave,
          minmay_temple_entry_grid, serial_shops, shop
D:8:      layout_basic, serial_undead, serial_undead_a, serial_undead_c,
          serial_undead_f, serial_undead_d
D:9:      layout_cave_pools, hangedman_fish_farm, minmay_crystal_room,
          minmay_fire_ice_demons
D:10:     layout_basic, dpeg_lair_monsters, gammafunk_ghost_grave, minivault_22,
          uniq_erica, uniq_urug
D:11:     layout_stronghold, chequers_serial_rivers_small_3,
          chequers_serial_rivers_micro_d, hex_tiny, uniq_grum, uniq_sonja
D:12:     layout_basic, special_room [special_room_bee], serial_shops, shop,
          minmay_hidden_floor
D:13:     minmay_the_grid_3x3 [minmay_the_grid_doors,
          minmay_the_grid_minigrid_large, minmay_the_grid_rooms,
          minmay_the_grid_x, minmay_the_grid_small_cups,
          minmay_the_grid_square_x, minmay_the_grid_outer_circle,
          minmay_the_grid_all_tris, minmay_the_grid_prize_big_room],
          layout_grid_maze, lightli_vaults_fourway_checkpoint, serial_rivers,
          chequers_serial_rivers_micro_b, chequers_serial_rivers_micro_e,
          chequers_serial_rivers_room_b, chequers_serial_rivers_micro_c,
          chequers_serial_rivers_micro_e
D:14:     layout_loops_ring, serial_shops, nicolae_shop_stone,
          nicolae_gozag_seed_capital, basic_altar,
          ebering_dispersal_statue_hall, minmay_guarded_unrand_resistance
D:15:     grunt_enter_depths_giant_problem, layout_rooms, serial_ice,
          serial_ice_h, serial_ice_k, serial_ice_n, serial_ice_g, serial_ice_a,
          serial_ice_e, serial_ice_f, serial_ice_m, minivault_4
Lair:1:   layout_gridlike, minivault_25, columned_hall_lemuel,
          lemuel_oklob_altar
Lair:2:   regret_index_bee_streams, layout_regular_city,
          nicolae_spider_entry_tight_spaces, serial_bayou_shore_a
Lair:3:   layout_gridlike, minmay_shoals_entry_lonely_mermaid,
          serial_bayou_shore_b, infiniplex_staircase_pool_2, lemuel_fruit_tree,
          uniq_fannar
Lair:4:   layout_hall_layers, grunt_megastairs_1
Lair:5:   layout_long_grid
Lair:6:   wormcave, layout_regular_city, dpeg_slime_entry_enclosed_altar,
          ice2_lemuel, uniq_snorg, uniq_kirke
Spider:1: layout_chambers
Spider:2: layout_chambers
Spider:3: layout_spider_delve, gammafunk_ghost_arena
Spider:4: spider_rune_water, portal_ice_cave_entry_ugly_swarm, drop_trap
Orc:1:    layout_diamond_mine, bloody_makhleb
Orc:2:    grunt_orc_community_town_hall, layout_caves,
          grunt_orc_community_big_house_2, grunt_orc_community_big_house_1,
          grunt_orc_community_house_2, grunt_orc_community_house_2,
          grunt_orc_community_house_3, grunt_orc_community_house_1
IceCv:    ice_cave_caverns_03

Skill      XL: |  1  2  3  4  5  6  7  8  9 10 11 12 13 14 15 16 |
---------------+-------------------------------------------------+-----
Maces & Flails | 1 3 4 |  4.2
Fighting       | 4 5 6 8 10 11 | 11.0
Armour         | 3 4 5 |  5.1
Long Blades    | 6 10 13 14 15 16 | 16.6
Translocations | 3 5 6 |  6.3
Necromancy     | 3 4 |  4.7
Invocations    | 4 5 7 |  7.0
Evocations     | 5 |  5.8
Conjurations   | 4 6 7 10 | 10.0
Air Magic      | 3 |  3.2
Poison Magic   | 4 6 |  6.8
Dodging        | 6 9 |  9.3
Spellcasting   | 2 3 5 9 |  9.1
Earth Magic    | 7 11 | 11.0
Transmutations | 6 9 |  9.0
Charms         | 3 |  3.0
Throwing       | |  2.2

Action                   |  1- 3 |  4- 6 |  7- 9 | 10-12 | 13-15 | 16-18 || total
-------------------------+-------+-------+-------+-------+-------+-------++-------
Melee: Long sword        |    21 |       |    44 |   130 |       |       ||   195
       Whip              |    85 |   150 |       |       |       |       ||   235
       Rapier            |       |    11 |   163 |       |       |       ||   174
       Unarmed           |       |       |    16 |       |     1 |       ||    17
       Falchion          |       |       |   115 |       |       |       ||   115
       Scimitar          |       |       |       |   248 |   533 |       ||   781
       Great sword       |       |       |       |       |   245 |   136 ||   381
       Kick              |       |       |       |       |    24 |    55 ||    79
Throw: Throwing net      |     2 |       |     4 |       |       |       ||     6
       Dart              |       |       |       |       |     1 |       ||     1
 Cast: Apportation       |       |       |    27 |    44 |   132 |    28 ||   231
       Animate Skeleton  |       |       |     6 |    36 |    54 |     1 ||    97
       Confusing Touch   |       |       |     1 |       |       |       ||     1
       Mephitic Cloud    |       |       |       |     3 |    12 |       ||    15
       Blink             |       |       |       |     1 |     7 |       ||     8
       Olgreb's Toxic Ra |       |       |       |       |    39 |    34 ||    73
       Statue Form       |       |       |       |       |     7 |    12 ||    19
       Regeneration      |       |       |       |       |     3 |    10 ||    13
       Passage of Golubr |       |       |       |       |       |    47 ||    47
Invok: Bend Time         |       |       |       |     4 |     4 |       ||     8
       Slouch            |       |       |       |       |     7 |     3 ||    10
       Temporal Distorti |       |       |       |       |     9 |       ||     9
 Abil: Hop               |       |       |       |     2 |       |     1 ||     3
Evoke: Wand              |       |       |       |    12 |    21 |     2 ||    35
  Use: Scroll            |     6 |     6 |     5 |     5 |    21 |     9 ||    52
       Potion            |       |       |     1 |     7 |     3 |       ||    11
 Stab: Confused          |       |       |       |     1 |    10 |       ||    11
       Distracted        |       |       |       |       |     7 |       ||     7
       Paralysed         |       |       |       |       |    13 |       ||    13
       Sleeping          |       |       |       |       |     1 |       ||     1
  Eat: Chunk             |     1 |       |     3 |     2 |    13 |     3 ||    22
       Ration            |       |     2 |     2 |     3 |     6 |     4 ||    17
Armor: Leather armour    |    30 |     2 |       |       |       |    27 ||    59
       Ring mail         |       |    17 |    94 |   104 |    99 |       ||   314
       Plate armour      |       |       |       |       |   186 |       ||   186
       Chain mail        |       |       |       |       |    24 |       ||    24
       Skin              |       |       |       |       |    19 |    83 ||   102
       Acid dragon scale |       |       |       |       |    10 |       ||    10
Dodge: Dodged            |   133 |   143 |   290 |   456 |  1290 |   537 ||  2849
Block: Other             |    12 |    21 |    35 |    52 |   165 |     8 ||   293
       Reflection        |       |       |     1 |       |    14 |       ||    15
       Rpst.: Long sword |     5 |       |    13 |    53 |       |       ||    71
       Falchion          |       |       |    31 |       |       |       ||    31
       Scimitar          |       |       |       |    77 |   178 |       ||   255
       Great sword       |       |       |       |       |   146 |   133 ||   279
